 Dungeon Crawl Stone Soup version 0.24.0-1-gfbc8707122 (webtiles) character file.

Game seed: 2781303543300957464, levelgen mode: deterministic

1812 Esekla the Poker (level 9, -6/63 (64) HPs)
             Began as a Formicid Conjurer on Oct 28, 2019.
             Was an Initiate of Vehumet.
             Mangled by a hippogriff (8 damage)
             ... on level 7 of the Dungeon on Oct 29, 2019.
             The game lasted 00:52:36 (6707 turns).

Esekla the Poker (Formicid Conjurer)                Turns: 6707, Time: 00:52:36

HP:   -6/63 (64)    AC:  9    Str: 13    XL:     9   Next: 31%
MP:   11/16         EV: 12    Int: 18    God:    Vehumet [......]
Gold: 357           SH:  0    Dex: 11    Spells: 11/17 levels left

rFire    . . .     SeeInvis +   f - +0 falchion
rCold    . . .     Gourm    .   (no shield)
rNeg     . . .     Faith    .   z - +3 leather armour
rPois    .         Spirit   .   (helmet unavailable)
rElec    .         Reflect  .   r - +0 cloak
rCorr    .         Harm     .   (no gloves)
MR       .....                  p - +1 pair of boots
Stlth    ++........             (no amulet)
HPRegen  0.20/turn              (no ring)
MPRegen  0.15/turn              (no ring)

@: no status effects
A: permanent stasis, dig shafts and tunnels, four strong arms, antennae 3
a: Dig, Shaft Self, Renounce Religion


You were on level 7 of the Dungeon.
You worshipped Vehumet.
Vehumet was noncommittal.
You were very hungry.

You visited 1 branch of the dungeon, and saw 7 of its levels.

You collected 357 gold pieces.

Inventory:

Hand Weapons
 f - a +0 falchion (weapon)
 s - a +0 dagger of venom
 t - a +2 trident of venom
Missiles
 a - 3 boomerangs
 l - 13 poisoned darts (quivered)
Armour
 p - a +1 pair of boots (worn)
 r - a +0 cloak (worn)
 u - a scarf of cloud immunity
 z - a +3 leather armour (worn)
Jewellery
 x - an uncursed ring of ice
Wands
 y - a wand of paralysis (6)
Scrolls
 d - 4 scrolls of magic mapping
 e - a scroll of amnesia {unknown}
 n - a scroll of fear {unknown}
 o - 4 scrolls of remove curse
 q - a scroll of noise {unknown}
 v - a scroll of enchant armour
 w - a scroll of fog {unknown}
Potions
 b - 3 potions of curing
 g - a potion of degeneration {unknown}
 h - 2 potions of might
 i - a potion of brilliance {unknown}
 j - a potion of heal wounds {unknown}
 k - 5 potions of lignification
 m - 2 potions of flight
 A - 2 potions of ambrosia {unknown}
Comestibles
 c - 9 rations


   Skills:
 + Level 3.2 Fighting
 + Level 2.5 Long Blades
 * Level 6.1 Polearms
 * Level 3.2 Armour
 + Level 3.2 Dodging
 - Level 2.4 Stealth
 * Level 4.9 Spellcasting
 + Level 4.9 Conjurations
 * Level 5.0 Hexes


You had 11 spell levels left.
You knew the following spells:

 Your Spells              Type           Power        Failure   Level  Hunger
a - Magic Dart            Conj           ###.         2%          1    None
d - Dazzling Spray        Conj/Hex       ###...       7%          3    ###....
e - Searing Ray           Conj           ###...       3%          2    #......

Your spell library contained the following spells:

 Spells                   Type           Power        Failure   Level  Hunger
 Fulminant Prism          Conj/Hex       ###.......   22%         4    ####...
 Iskenderun's Mystic Bla  Conj           ###.....     22%         4    ####...
 Force Lance              Conj/Tloc      ##......     52%         4    ####...


Dungeon Overview and Level Annotations

Branches:
Dungeon (7/15)             Temple (0/1) D:6

Altars:
Dithmenos
Elyvilon
Kikubaaqudgha
Qazlal
Ru
Sif Muna
Vehumet
Yredelemnul
The Shining One

Annotations:
D:5 Grinder, Pikel


Innate Abilities, Weirdness & Mutations

You cannot be hasted, slowed, berserked, paralysed or teleported.
You can dig through walls and to a lower floor.
Your four strong arms can wield two-handed weapons with a shield.
You have a pair of large antennae on your head. (SInv)


Message History

The hippogriff barely misses you. x2
The hippogriff claws you but does no damage.
You feel better. The centaur misses you. The iguana barely misses you.
The worker ant zombie bites the withered plant.
The necrophage hits you.
* * * LOW HITPOINT WARNING * * *
You feel your flesh rotting away! The centaur closely misses you.
The hippogriff barely misses you. The hippogriff pecks you.
* * * LOW HITPOINT WARNING * * *
The hippogriff claws you but does no damage.
Are you sure you want to shaft yourself?
You are feeling very hungry.
The iguana bites you!
* * * LOW HITPOINT WARNING * * *
The worker ant zombie bites the withered plant but does no damage.
The centaur hits you but does no damage.
The necrophage hits you.
* * * LOW HITPOINT WARNING * * *
The hippogriff bites you!
You die...

# .# { . .# ####.# ###
###....# #.# #..P.P.##
#.## ##.P.P...##
#..###.PH@nP...# ##
##......lc#Z.P.# .#
#..(....## ..... .#
####....P.......... [#
###......PP....?.....
)###.........##.._..##..
)..#........P#.......# .
).....######.#########
......# #...


You could see a hippogriff, a necrophage, a centaur (blind), an iguana and a
worker ant zombie.

Vanquished Creatures
  Edmund (D:6)
  Menkaure (D:7)
  An orc warrior (D:7)
  3 phantoms
  A black bear (D:6)
  An ogre (D:7)
  2 scorpions
  2 howler monkeys (D:6)
  3 crimson imps
  A bullfrog zombie (D:5)
  2 centaur zombies
  2 quasits (D:6)
  2 hounds
  A jelly (D:5)
  2 orc priests
  4 orc wizards
  2 iguanas
  4 worker ants
  A killer bee zombie (D:4)
  4 adders
  A shadow imp (D:5)
  3 adder skeletons (D:4)
  An adder zombie (D:5)
  A worm (D:3)
  4 dart slugs
  6 leopard geckos
  23 orcs
  A ball python (D:2)
  7 giant cockroaches
  4 hobgoblins
  9 jackals
  2 quokkas
  10 bats
  4 frilled lizards
  2 goblins (D:2)
  A jackal skeleton (D:5)
  A jackal zombie (D:5)
  6 kobolds
  A leopard gecko zombie (D:5)
  8 rats
135 creatures vanquished.

Notes
Turn   | Place    | Note
-------+----------+-------------------------------------------
     0 | D:1      | Esekla the Formicid Conjurer began the quest for the Orb.
     0 | D:1      | Reached XP level 1. HP: 13/13 MP: 3/3
    56 | D:1      | You fall into a shaft and drop 1 floor!
   430 | D:2      | Reached XP level 2. HP: 19/19 MP: 5/5
   916 | D:2      | Learned a level 2 spell: Searing Ray
   967 | D:1      | Reached XP level 3. HP: 24/24 MP: 6/6
   972 | D:1      | Learned a level 3 spell: Dazzling Spray
  1158 | D:2      | Found a sacrificial altar of Ru.
  1550 | D:2      | Reached skill level 1 in Hexes
  1610 | D:2      | Reached XP level 4. HP: 30/30 MP: 3/7
  2013 | D:3      | Reached skill level 1 in Long Blades
  2397 | D:3      | Reached XP level 5. HP: 32/36 MP: 4/9
  2824 | D:3      | Reached skill level 1 in Fighting
  3058 | D:4      | Reached XP level 6. HP: 27/43 MP: 4/10
  3325 | D:4      | Reached skill level 1 in Polearms
  3572 | D:4      | Found a glowing golden altar of the Shining One.
  3787 | D:4      | Found a basalt altar of Yredelemnul.
  3789 | D:4      | Noticed a profane servitor
  3945 | D:5      | Entered Level 5 of the Dungeon
  4054 | D:5      | Noticed a phantom
  4103 | D:5      | Killed a phantom
  4103 | D:5      | Reached skill level 2 in Polearms
  4103 | D:5      | Reached XP level 7. HP: 15/49 MP: 0/12
  4399 | D:5      | Found a shimmering blue altar of Sif Muna.
  4571 | D:5      | Noticed Pikel
  4671 | D:5      | You fall into a shaft and drop 1 floor!
  4672 | D:6      | Noticed Edmund
  4709 | D:6      | Reached skill level 3 in Polearms
  5157 | D:6      | Reached XP level 8. HP: 54/56 MP: 9/14
  5434 | D:6      | Reached skill level 4 in Polearms
  5434 | D:6      | Reached skill level 1 in Armour
  5603 | D:6      | Killed Edmund
  5720 | D:6      | Found a shadowy altar of Dithmenos.
  6034 | D:5      | Reached skill level 5 in Polearms
  6135 | D:5      | Found a white marble altar of Elyvilon.
  6140 | D:5      | Found a radiant altar of Vehumet.
  6148 | D:5      | Became a worshipper of Vehumet
  6153 | D:5      | Found a stormy altar of Qazlal.
  6217 | D:5      | Noticed Grinder
  6291 | D:6      | Found a staircase to the Ecumenical Temple.
  6338 | D:7      | Noticed Menkaure
  6408 | D:7      | Killed Menkaure
  6408 | D:7      | Reached XP level 9. HP: 54/63 MP: 11/16
  6511 | D:7      | Reached skill level 5 in Hexes
  6611 | D:7      | Reached skill level 6 in Polearms
  6684 | D:7      | Found an ancient bone altar of Kikubaaqudgha.
  6692 | D:7      | Noticed a hippogriff
  6707 | D:7      | HP: 3/63 [iguana (11)]
  6707 | D:7      | Mangled by a hippogriff

Levels and vault maps discovered:
D:1:      giann_wishing_wells, layout_rooms
D:2:      layout_basic, nicolae_ru_the_path_less_chosen
D:3:      layout_loops_ring, first_ration, eino_curves_01, minmay_starry_boxes
D:4:      layout_loops_ring, grunt_temple_overflow_holy_war
D:5:      layout_basic, marbit_many_paths, minmay_overflow_temple_star_quad,
          grunt_ministairs_7, uniq_grinder, uniq_pikel
D:6:      layout_basic, temple_green, nicolae_dithmenos_the_darkroom,
          uniq_edmund
D:7:      layout_rooms, chequers_temple_overflow_minitemple,
          kiku_gazebo_garden_becter, uniq_menkaure

Skill      XL: |  1  2  3  4  5  6  7  8  9 |
---------------+----------------------------+-----
Conjurations   | 4 |  4.9
Hexes          | 1 2 3 4 5 |  5.0
Long Blades    | 1 2 |  2.5
Dodging        | 2 3 |  3.2
Spellcasting   | 3 4 |  4.9
Fighting       | 1 2 3 |  3.2
Polearms       | 2 3 5 6 |  6.1
Armour         | 2 3 |  3.2
Stealth        | |  2.4

Action                   |  1- 3 |  4- 6 |  7- 9 || total
-------------------------+-------+-------+-------++-------
Melee: Falchion          |    43 |    35 |     9 ||    87
       Trident           |       |    72 |   143 ||   215
       Dagger            |       |     2 |     3 ||     5
Throw: Dart              |       |       |    15 ||    15
 Cast: Magic Dart        |    30 |    28 |    10 ||    68
       Dazzling Spray    |     3 |     2 |     6 ||    11
       Searing Ray       |     1 |     9 |    18 ||    28
 Abil: Shaft Self        |     1 |       |     1 ||     2
  Use: Scroll            |       |       |    10 ||    10
       Potion            |       |       |     2 ||     2
 Stab: Sleeping          |     3 |     4 |     2 ||     9
       Invisible         |       |     2 |     2 ||     4
       Distracted        |       |     1 |       ||     1
  Eat: Ration            |     1 |     2 |     1 ||     4
       Chunk             |       |     3 |     4 ||     7
Armor: Robe              |    18 |    26 |    15 ||    59
       Leather armour    |       |       |    80 ||    80
Dodge: Dodged            |    48 |    85 |   135 ||   268
       Rpst.: Falchion   |    10 |    13 |     5 ||    28
